 Dungeon Crawl Stone Soup version 0.29-a0-870-g2c972031a6 (webtiles) character file.

Game seed: 1903293186740104066

9 zeratav the Stinger (level 2, 0/17 HPs)
             Began as an Octopode Venom Mage on July 17, 2022.
             Slain by a bat (1 damage)
             ... on level 1 of the Dungeon.
             The game lasted 00:00:31 (554 turns).

zeratav the Stinger (Octopode Venom Mage)            Turns: 554, Time: 00:00:31

Health: 0/17       AC:  1    Str:  7    XL:     2   Next: 16%
Magic:  1/5        EV: 13    Int: 17    God:
Gold:   21         SH:  0    Dex: 12    Spells: 4/5 levels left

rFire   . . .      SeeInvis .   c - +0 dagger {short}
rCold   . . .      Faith    .   (no shield)
rNeg    . . .      Spirit   .   (helmet restricted)
rPois   .          Reflect  .   (no amulet)
rElec   .          Harm     .   (no ring)
rCorr   .          Rampage  .   (no ring)
Will    .....                   (no ring)
Stlth   +++.......              (no ring)
HPRegen 0.05/turn               (no ring)
MPRegen 0.09/turn               (no ring)
                                (no ring)
                                (no ring)

@: no status effects
A: almost no armour, amphibious, 8 rings, camouflage 1, gelatinous body 1,
(nimble swimmer 1), tentacles
a: no special abilities


You were on level 1 of the Dungeon.
You visited 1 branch of the dungeon, and saw 1 of its levels.

You collected 21 gold pieces.


Innate Abilities, Weirdness & Mutations

You cannot wear most types of armour.
You are amphibious.
You can wear up to eight rings at the same time.
Your skin changes colour to match your surroundings (Stealth+).
Your rubbery body absorbs attacks. (AC +1, EV +1)
((You are camouflaged when in or above water. (Stealth+)))
You have tentacles for arms and can constrict up to eight enemies at once.


   Skills:
 - Level 2.0 Dodging
 + Level 3.4 Stealth
 - Level 2.0 Spellcasting
 - Level 1.0 Transmutations
 + Level 4.0 Poison Magic


You had 4 spell levels left.
You knew the following spells:

 Your Spells              Type           Power      Damage    Failure   Level
a - Sting                 Tmut/Pois      40%        1d5       7%          1

Your spell library contained the following spells:

 Spells                   Type           Power      Damage    Failure   Level
 Poisonous Vapours        Pois/Air       16%        N/A       13%         2
 Necrotise                Necr           4%         1d4       19%         1
 Mephitic Cloud           Conj/Pois/Air  6%         N/A       32%         3
 Olgreb's Toxic Radiance  Pois           15%        N/A       36%         4
 Vampiric Draining        Necr           1%         2d6       50%         3
 Agony                    Necr           1%         N/A       99%         5

Inventory:

Hand Weapons
 c - a +0 dagger (weapon) {short}
   (You took it off a kobold on level 1 of the Dungeon)
Potions
 a - a potion of magic

Dungeon Overview and Level Annotations

Branches:
Dungeon (1/15) Zot: 5446

Altars:

#.##...##.#.###.#.#
###.##.........##.#.#
#.#.##...##.#.......#
#....#..####)....###
##.#.#.....#.....#
##..............#
#.####..........# #.#
####.##...## #.#
##@###### #. #K.b# #
#...# #...# #...#
#.....).....#
...............
##...........##
###.......###


You could see a bat and a kobold.


Message History

You barely miss the kobold. You grab the kobold.
You constrict the kobold, but do no damage.
The kobold hits you with a +0 dagger.
HP[-1]
You take 1 damage, and now have 10/11 hp.
You hit the kobold.
You kill the kobold!
No target in view!
You now have 21 gold pieces (gained 5).
Things that are here:
a +0 dagger {short}; 4 stones {throwing} An endoplasm comes into view.
HP[+1]
Your hp is fully restored (11).
Things that are here:
a +0 dagger {short}; 4 stones {throwing}
c - a +0 dagger (weapon)
{short} You drop a +0 short sword {short}.
No target in view!
A ball python and a goblin come into view.
The goblin is wielding a +1 dagger of pain.
A kobold comes into view. It is wielding a +0 dagger.
The goblin shouts!
The ball python hisses angrily.
The kobold shouts!
The endoplasm freezes you.
You are frozen.
HP[-5]
You take 5 damage, and now have 6/11 hp.
MASSIVE DAMAGE!! (PAUSE)
You hit the endoplasm. The endoplasm barely misses you.
You hit the endoplasm.
You kill the endoplasm!
The ball python barely misses you. The ball python completely misses you.
Your Poison Magic skill increases to level 4!
You have reached level 2!
HP[+3] MP[+2]
You now have 17 max hp (+6).
You regained 3 hp, and now have 9/17 hp.
Your mp is fully restored (5).
Casting: Sting (safe; 7% risk of failure)
Confirm with . or Enter, or press ? or * to list all spells.
Aiming: Sting (safe; 7% risk of failure)
Press: ? - help, Shift-Dir - straight line, f - ball python
Aim: a ball python (68% to hit)
You miscast Sting.
You are very lightly contaminated with residual magic.
Nothing appears to happen.
The ball python misses you. The ball python grabs you.
The ball python constricts you. The goblin closely misses you.
A bat comes into view.
MP[-1]
You lost 1 mp, and now have 4/5 mp.
Casting: Sting (safe; 7% risk of failure)
Confirm with . or Enter, or press ? or * to list all spells.
Aiming: Sting (safe; 7% risk of failure)
Press: ? - help, Shift-Dir - straight line, f/p - ball python
Aim: a ball python (constricting you, 68% to hit)
The sting hits the ball python.
The ball python is poisoned.
You kill the ball python!
The kobold barely misses you. The goblin barely misses you.
MP[-1]
You lost 1 mp, and now have 3/5 mp.
Casting: Sting (safe; 7% risk of failure)
Confirm with . or Enter, or press ? or * to list all spells.
Aiming: Sting (safe; 7% risk of failure)
Press: ? - help, Shift-Dir - straight line, f - goblin
Aim: a goblin, wielding a +1 dagger of pain (64% to hit)
The sting misses the goblin.
The kobold misses you.
The goblin hits you with a +1 dagger of pain.
* * * LOW HITPOINT WARNING * * *
HP[-3] MP[-1]
You take 3 damage, and now have 6/17 hp.
You lost 1 mp, and now have 2/5 mp.
Casting: Sting (safe; 7% risk of failure)
Confirm with . or Enter, or press ? or * to list all spells.
Aiming: Sting (safe; 7% risk of failure)
Press: ? - help, Shift-Dir - straight line, f/p - goblin
Aim: a goblin, wielding a +1 dagger of pain (64% to hit)
The sting hits the goblin.
The goblin is poisoned.
You kill the goblin!
The bat hits you but does no damage. The kobold barely misses you.
MP[-1]
You lost 1 mp, and now have 1/5 mp.
The bat hits you.
* * * LOW HITPOINT WARNING * * *
The kobold attacks as you move away! The kobold hits you with a +0 dagger.
* * * LOW HITPOINT WARNING * * *
The bat attacks as you move away! The bat misses you. The bat hits you.
* * * LOW HITPOINT WARNING * * *
HP[-3]
You take 3 damage, and now have 3/17 hp.
Your magical contamination has completely faded away.
The bat closely misses you.
You closely miss the bat. Your grab misses the bat. The bat barely misses you.
The kobold hits you with a +0 dagger.
* * * LOW HITPOINT WARNING * * *
HP[-2]
You take 2 damage, and now have 1/17 hp.
The bat attacks as you move away! The bat hits you.
You die...

Skill      XL: |  1 |
---------------+----+-----
Stealth        | 3 |  3.4
Poison Magic   | 4 |  4.0
Dodging        | |  2.0
Spellcasting   | |  2.0
Transmutations | |  1.0

Action                   || total
-------------------------++-------
Melee: Unarmed           ||     6
       Short sword       ||     4
       Dagger            ||     3
       Constrict         ||     2
       Tentacles         ||     1
 Cast: Sting             ||     9
 Stab: Sleeping          ||     1
Armor: Skin              ||     1
Dodge: Dodged            ||    23

Levels and vault maps discovered:
D:1:      kilobyte_arrival_exit_the_forest, layout_loops_cross,
          shapermc_ecumenical_altar_mp_ritualfount

Notes
Turn   | Place    | Note
-------+----------+-------------------------------------------
     0 | D:1      | zeratav the Octopode Venom Mage began the quest for the
                  | Orb.
     0 | D:1      | Reached XP level 1. HP: 11/11 MP: 3/3
     0 | D:1      | magus.rc [v1.9.6]
   240 | D:1      | You pick up a book of Necromancy and begin reading...
   240 | D:1      | You add the spells Necrotise, Vampiric Draining and Agony
                  | to your library.
   326 | D:1      | Reached skill level 3 in Stealth
   545 | D:1      | Reached skill level 4 in Poison Magic
   545 | D:1      | Reached XP level 2. HP: 9/17 MP: 5/5
   550 | D:1      | HP: 4/17 [kobold/+0 dagger (2)]
   553 | D:1      | HP: 1/17 [kobold/+0 dagger (2)]
   554 | D:1      | Slain by a bat

Vanquished Creatures
  3 endoplasms (D:1)
  A goblin (D:1)
  2 ball pythons (D:1)
  A bat (D:1)
  A frilled lizard (D:1)
  2 kobolds (D:1)
10 creatures vanquished.

Table legend:
 A = Non-vault XP
 B = Vault XP
 C = Vault XP percentage of total XP
 D = Non-vault monster count
 E = Vault monster count
 F = Vault count percentage of total count
                 A         B        C        D         E       F
            +---------+---------+-------+---------+---------+-------
      Total |      14 |       0 |   0.0 |      10 |       0 |   0.0
            +---------+---------+-------+---------+---------+-------
        D:1 |      14 |       0 |   0.0 |      10 |       0 |   0.0
            +---------+---------+-------+---------+---------+-------

Illustrated notes

Table legend:
 A = Kills in this place as a percentage of kills in entire the game.
 B = Kills by you in this place as a percentage of kills by you in the entire game.
 C = Kills by friends in this place as a percentage of kills by friends in the entire game.
 D = Other kills in this place as a percentage of other kills in the entire game.
 E = Experience gained in this place as a percentage of experience gained in the entire game.
 F = Experience gained in this place divided by the number of levels of this place that you have seen.
                   A       B       C       D       E      F
               +-------+-------+-------+-------+-------+----------------------
         Total | 100.0 | 100.0 |   N/A |   N/A | 100.0 |  14.0
       Dungeon | 100.0 | 100.0 |   N/A |   N/A | 100.0 |  14.0
               +-------+-------+-------+-------+-------+----------------------

Table legend: (Time is in decaauts)
 A = Elapsed time spent in this place.
 B = Non-inter-level travel time spent in this place.
 C = Inter-level travel time spent in this place.
 D = Time resting spent in this place.
 E = Time spent auto-exploring this place.
 F = Levels seen in this place.
 G = Mean time per level.
                   A        B        C        D        E       F      G
               +--------+--------+--------+--------+--------+-----+--------+
         Total |    553 |    553 |      0 |      0 |    485 |   1 |  553.0 |
       Dungeon |    553 |    553 |      0 |      0 |    485 |   1 |  553.0 |
               +--------+--------+--------+--------+--------+-----+--------+

Top non-repeatable levels by time:
     D:1: 553 daAuts
